 Dungeon Crawl Stone Soup version 0.26-a0-1126-g3318b609a0 (webtiles) character file.

Game seed: 2770491275811079353

480 Dracia the Ducker (level 6, -9/44 HPs)
             Began as a Demonspawn Gladiator on Dec 17, 2020.
             Mangled by an orc warrior
             ... wielding a +0 flail
              (18 damage)
             ... on level 4 of the Dungeon.
             The game lasted 00:04:01 (4192 turns).

Dracia the Ducker (Demonspawn Gladiator)            Turns: 4192, Time: 00:04:02

Health: -9/44      AC:  6    Str: 16    XL:     6   Next: 86%
Magic:  6/6        EV: 15    Int: 10    God:
Gold:   157        SH:  0    Dex: 14    Spells: 5/5 levels left

rFire    . . .     SeeInvis .   v - +1 dagger (freeze)
rCold    . . .     Faith    .   (no shield)
rNeg     . . .     Spirit   .   u - +0 ring mail
rPois    .         Reflect  .   c - +0 helmet
rElec    .         Harm     .   (no cloak)
rCorr    .         Rampage  .   (no gloves)
Will     .....                  (no boots)
Stlth    +.........             (no amulet)
HPRegen  0.14/turn              (no ring)
MPRegen  0.10/turn              (no ring)

@: no status effects
A: talons 1
a: no special abilities


You were on level 4 of the Dungeon.
You visited 1 branch of the dungeon, and saw 4 of its levels.

You collected 157 gold pieces.


Innate Abilities, Weirdness & Mutations

You have sharp toenails.


   Skills:
 - Level 2.0 Fighting
 - Level 2.6 Short Blades
 - Level 1.7 Throwing
 + Level 7.2 Dodging


You had 5 spell levels left.
You didn't know any spells.
Your spell library contained the following spells:

 Spells                   Type           Power        Failure   Level
 Confusing Touch          Hex            0%           91%         3
 Gell's Gravitas          Tloc           0%           91%         3
 Petrify                  Tmut/Erth      0%           100%        4
 Metabolic Englaciation   Hex/Ice        0%           100%        5
 Yara's Violent Unravell  Hex/Tmut       0%           100%        5

Inventory:

Hand Weapons
 a - a +0 rapier
 j - a +0 quarterstaff
 v - a +1 dagger of freezing (weapon)
Missiles
 d - 3 throwing nets (quivered) {=f=f}
 r - 24 poisoned darts
 s - 2 atropa-tipped darts
Armour
 b - a +0 leather armour
 c - a +0 helmet (worn)
 n - a +2 hat
 u - a +0 ring mail (worn)
Scrolls
 e - a scroll of remove curse {unknown}
 h - a scroll of fear {unknown}
 i - a scroll of random uselessness {unknown}
 k - 4 scrolls of identify {@r1@r1}
 m - a scroll of immolation {unknown}
 o - a scroll of teleportation {unknown}
 p - 2 scrolls of enchant weapon {unknown}
 q - 3 scrolls of enchant armour
Potions
 g - a potion of lignification
 l - 2 potions of attraction {unknown}
 w - a potion of curing {@q1@q1}

Dungeon Overview and Level Annotations

Branches:
Dungeon (4/15)
 Temple: D:4-7

Altars:

#...#####...
##..###
#..........
#######......
#........##
##≈≈≈≈....####
##...#####
#....≈..###
##..##
##.≈≈≈≈.##
#...#
####..##..##
##...#
##........##
#.>#..#
##Bo.#######
..###..#
#.o@## .##
##.# #.§## .#
..# #... .#
........ .#
....... ..#
....... ##..#
....... ##..
....... #


You could see an orc warrior, an orc wizard (fast) and a giant cockroach.


Message History

The giant cockroach bites you but does no damage.
The orc wizard hits you but does no damage.
The orc warrior hits you with a +0 flail.
* * * LOW HITPOINT WARNING * * *
The giant cockroach bites you.
* * * LOW HITPOINT WARNING * * *
You hit the orc warrior but do no damage.
The orc warrior is lightly wounded.
The orc wizard points at you and mumbles some strange words.
The magic dart hits you but does no damage.
The giant cockroach bites you but does no damage.
The orc warrior hits you with a +0 flail.
* * * LOW HITPOINT WARNING * * *
The orc wizard hits you but does no damage.
It was a potion of cancellation.
Your magical effects are unravelling.
You feel magically purged.
You feel less wooden.
Your +0 helmet unmelds from your body.
Your +0 ring mail unmelds from your body.
You feel a little less clever now.
The orc wizard casts a spell.
The orc wizard blinks!
The giant cockroach completely misses you.
As you read the scroll labelled FINNYNOZXA, it crumbles to dust.
It is a scroll of identify.
q - 3 scrolls of enchant armour The orc wizard hits you but does no damage.
The orc warrior hits you with a +0 flail!!
You die...

Skill      XL: |  1  2  3  4  5  6 |
---------------+-------------------+-----
Dodging        | 3 4 5 6 7 |  7.2
Fighting       | |  2.0
Short Blades   | |  2.6
Throwing       | |  1.7

Action                   |  1- 3 |  4- 6 || total
-------------------------+-------+-------++-------
Melee: Rapier            |    94 |     2 ||    96
       Kick              |    19 |    53 ||    72
       Quarterstaff      |       |    76 ||    76
       Dagger            |       |    97 ||    97
  Use: Potion            |       |     4 ||     4
       Scroll            |       |     1 ||     1
 Stab: Sleeping          |     1 |     1 ||     2
Armor: Leather armour    |    26 |    12 ||    38
       Ring mail         |       |    23 ||    23
       Skin              |       |    14 ||    14
Dodge: Dodged            |    61 |   113 ||   174

Levels and vault maps discovered:
D:1:      dpeg_arrival_tiny_d, layout_loops_ring
D:2:      layout_loops_ring, grunt_decor_junction
D:3:      layout_rooms
D:4:      layout_layer_cave, serial_rivers, chequers_serial_rivers_micro_d,
          chequers_serial_rivers_marsh, chequers_serial_rivers_room_a,
          chequers_serial_rivers_micro_b, chequers_serial_rivers_large_b,
          chequers_serial_rivers_small_b, tgw_trog

Notes
Turn   | Place    | Note
-------+----------+-------------------------------------------
     0 | D:1      | Dracia the Demonspawn Gladiator began the quest for the
                  | Orb.
     0 | D:1      | Reached XP level 1. HP: 16/16 MP: 1/1
    82 | D:1      | Reached skill level 3 in Dodging
    95 | D:1      | Gained mutation: You have sharp toenails. [demonic
                  | ancestry]
    95 | D:1      | Reached XP level 2. HP: 17/22 MP: 2/2
   966 | D:2      | Reached skill level 4 in Dodging
   966 | D:2      | Reached XP level 3. HP: 25/27 MP: 3/3
  1184 | D:2      | Reached XP level 4. HP: 8/33 MP: 4/4
  2183 | D:3      | Reached skill level 5 in Dodging
  2965 | D:4      | Reached XP level 5. HP: 28/38 MP: 5/5
  3489 | D:4      | Reached skill level 6 in Dodging
  3597 | D:4      | Reached XP level 6. HP: 40/44 MP: 6/6
  4147 | D:4      | Reached skill level 7 in Dodging
  4174 | D:4      | Noticed an orc warrior
  4192 | D:4      | Mangled by an orc warrior

Vanquished Creatures
  2 ogres (D:4)
  2 hounds (D:4)
  A bullfrog skeleton (D:4)
  An orc wizard (D:4)
  2 worker ants (D:4)
  A hound skeleton (D:2)
  6 adders
  An ooze (D:2)
  2 worms
  3 leopard geckos
  4 orcs (D:4)
  A ball python (D:4)
  8 bats
  4 giant cockroaches
  11 hobgoblins
  6 jackals
  7 kobolds
  A quokka (D:3)
  2 frilled lizards (D:1)
  5 goblins
  5 rats
75 creatures vanquished.

Table legend: (Time is in decaauts)
 A = Elapsed time spent in this place.
 B = Non-inter-level travel time spent in this place.
 C = Inter-level travel time spent in this place.
 D = Time resting spent in this place.
 E = Time spent auto-exploring this place.
 F = Levels seen in this place.
 G = Mean time per level.
                   A        B        C        D        E       F      G
               +--------+--------+--------+--------+--------+-----+--------+
         Total |   4254 |   4111 |    143 |    493 |   3067 |   4 | 1063.5 |
       Dungeon |   4254 |   4111 |    143 |    493 |   3067 |   4 | 1063.5 |
               +--------+--------+--------+--------+--------+-----+--------+

Top non-repeatable levels by time:
     D:4: 1323 daAuts
     D:2: 1191 daAuts
     D:1: 936 daAuts
     D:3: 802 daAuts

Table legend:
 A = Non-vault XP
 B = Vault XP
 C = Vault XP percentage of total XP
 D = Non-vault monster count
 E = Vault monster count
 F = Vault count percentage of total count
                 A         B        C        D         E       F
            +---------+---------+-------+---------+---------+-------
      Total |     687 |       0 |   0.0 |      75 |       0 |   0.0
            +---------+---------+-------+---------+---------+-------
        D:1 |      39 |       0 |   0.0 |      22 |       0 |   0.0
        D:2 |      98 |       0 |   0.0 |      23 |       0 |   0.0
        D:3 |      46 |       0 |   0.0 |      12 |       0 |   0.0
        D:4 |     504 |       0 |   0.0 |      18 |       0 |   0.0
            +---------+---------+-------+---------+---------+-------
